 Dungeon Sprint DCSS version 0.31-a0-986-g5e6e4ef867 (webtiles) character file.

Game seed: 12095104428488990943

451 dialectric the Fighter (level 7, -1/52 HPs)
             Began as a Gargoyle Berserker on Nov 6, 2023.
             Was a Believer of Trog.
             Slain by Sonja
             ... wielding a +1 dagger of draining
              (4 damage)
             ... in the Dungeon (Sprint I: "Red Sonja").
             The game lasted 00:01:48 (501 turns).

dialectric the Fighter (Gargoyle Berserker)          Turns: 501, Time: 00:01:49

Health: -1/52      AC: 11    Str: 20    XL:     7   Next: 4%
Magic:  7/7        EV: 12    Int:  8    God:    Trog [**....]
Gold:   413        SH:  0    Dex: 11    Spells: 6/6 levels left

rFire   . . .        a - +0 mace
rCold   . . .        (no shield)
rNeg    + . .        j - +0 ring mail
rPois   ∞            (no helmet)
rElec   +            (no cloak)
rCorr   .            (no gloves)
SInv    .            (no boots)
Will    ++...        (no amulet)
Stlth   +            (no ring)
HPRegen 1.28/turn    (no ring)
MPRegen 0.10/turn

%: no teleportation
@: strong-willed, on berserk cooldown, regenerating, slowed, very slow
A: sickness immunity, AC +4, negative energy resistance 1, electricity
resistance, torment resistance 1, petrification resistance
a: Renounce Religion, Berserk, Trog's Hand


You were in the Dungeon.
You worshipped Trog.
Trog was pleased with you.
You visited 1 branch You collected 413 gold pieces.

Inventory:

Hand Weapons
 a - a +0 mace (weapon)
Armour
 j - a +0 ring mail (worn)
Wands
 i - a wand of iceblast (3)
Scrolls
 b - a scroll of torment {unknown}
Potions
 e - a potion of haste
 f - 2 potions of magic
 g - a potion of berserk rage


   Skills:
 + Level 9.9 Fighting
 + Level 9.9 Maces & Flails
 + Level 6.0 Armour
 + Level 4.4 Dodging


You had 6 spell levels left.
You didn't know any spells.
Your spell library was empty.

Dungeon Overview and Level Annotations

Branches:
Dungeon (1/1)

Altars:
Cheibriados
Dithmenos
Elyvilon
Fedhas
Gozag
Hepliaklqana
Kikubaaqudgha
Makhleb
Nemelex Xobeh
Okawaru
Qazlal
Ru
Sif Muna
Trog
Uskayaw
Vehumet
Wu Jian
Xom
Yredelemnul
Zin
The Shining One
Jiyva
Lugonu

Shops:
D ?

Annotations:
D Sonja


Innate Abilities, Weirdness & Mutations

You are immune to sickness and miasma.
Your stone body is resilient. (AC +4)
You are immune to poison.
You resist negative energy. (rN+)
You are resistant to electric shocks. (rElec)
You are resistant to unholy torment.
You are immune to petrification.


Message History

Sonja hits you but does no damage.
You closely miss Sonja.
Sonja is heavily wounded.
Sonja mumbles some strange words.
Sonja blinks!
You feel a strong urge to attack something.
Sonja hits you with a +1 dagger of draining.
* * * LOW HITPOINT WARNING * * *
Sonja hits you but does no damage. Sonja barely misses you.
There is an entrance to Ynijeew's Magic Scroll Emporium here.
You miss Sonja.
Sonja is heavily wounded.
Sonja hits you with a +1 dagger of draining.
* * * LOW HITPOINT WARNING * * *
Sonja hits you but does no damage.
Sonja hits you with a +1 dagger of draining.
* * * LOW HITPOINT WARNING * * *
You are too berserk!
You miss Sonja.
Sonja is heavily wounded.
Sonja gestures wildly while chanting.
Sonja blinks!
Sonja throws a curare-tipped dart.
The curare-tipped dart hits you.
You feel a strong urge to attack something.
You are no longer berserk.
You are exhausted.
You feel yourself slow down.
There is an ancient bone altar of Kikubaaqudgha here.
You feel better. Sonja hits you but does no damage.
Sonja hits you with a +1 dagger of draining.
* * * LOW HITPOINT WARNING * * *
Sonja hits you but does no damage.
Unknown command.
Press < or > to pray at altars.
Your skin crawls.
You feel strong-willed.
Sonja hits you with a +1 dagger of draining.
* * * LOW HITPOINT WARNING * * *
Sonja hits you with a +1 dagger of draining.
You die...

#####################
#<.#..)..#.)'..#__#..
#..)[.#.J+..#..'..'..
#..#####'#####'#__###
#..####..#...#.####
#..#__####..##[#
#..#_____##'#_.+
#⌠⌠#@K∩...+..._#
####_..__##_.#'#
#_____###+#.# #######
#.### $.$ $§$ ##.##
#+#


You could see Sonja.

Vanquished Creatures
  Sigmund (D)
  A yak (D)
  An ogre (D)
  A jelly (D)
  Ijyb (D)
5 creatures vanquished.

Notes
Turn   | Place    | Note
-------+----------+-------------------------------------------
     0 | D        | dialectric the Gargoyle Berserker began the quest for the
                  | Orb.
     0 | D        | Reached XP level 1. HP: 14/14 MP: 1/1
     1 | D        | Noticed Ijyb
    12 | D        | Killed Ijyb
    13 | D        | Reached skill level 5 in Fighting
    13 | D        | Reached XP level 2. HP: 21/21 MP: 2/2
    13 | D        | Reached XP level 3. HP: 26/26 MP: 3/3
   157 | D        | Noticed an ogre
   162 | D        | Killed an ogre
   163 | D        | Reached XP level 4. HP: 21/32 MP: 4/4
   200 | D        | Noticed Sigmund
   214 | D        | Killed Sigmund
   214 | D        | Reached ** piety under Trog
   215 | D        | Reached skill level 5 in Armour
   215 | D        | Reached XP level 5. HP: 37/40 MP: 5/5
   215 | D        | Reached XP level 6. HP: 41/45 MP: 6/6
   226 | D        | Found a shimmering blue altar of Sif Muna.
   227 | D        | Found an ornate altar of the Wu Jian Council.
   228 | D        | Found a radiant altar of Vehumet.
   261 | D        | Found Ynijeew's Magic Scroll Emporium.
   261 | D        | Found an ancient bone altar of Kikubaaqudgha.
   261 | D        | Found a hazy altar of Hepliaklqana.
   261 | D        | Found a hide-covered altar of Uskayaw.
   261 | D        | Found a basalt altar of Yredelemnul.
   261 | D        | Found an opulent altar of Gozag.
   261 | D        | Found a snail-covered altar of Cheibriados.
   261 | D        | Found a sacrificial altar of Ru.
   261 | D        | Found a shadowy altar of Dithmenos.
   261 | D        | Noticed a yak
   269 | D        | Killed a yak
   270 | D        | Reached XP level 7. HP: 52/52 MP: 7/7
   270 | D        | Found a stormy altar of Qazlal.
   270 | D        | Found a blossoming altar of Fedhas.
   270 | D        | Found a bloodstained altar of Trog.
   270 | D        | Found an iron altar of Okawaru.
   270 | D        | Found a glowing golden altar of the Shining One.
   270 | D        | Found a glowing silver altar of Zin.
   270 | D        | Found a white marble altar of Elyvilon.
   271 | D        | Found a sparkling altar of Nemelex Xobeh.
   288 | D        | Found a burning altar of Makhleb.
   288 | D        | Found a shimmering altar of Xom.
   288 | D        | Noticed a slime creature
   304 | D        | Found a viscous altar of Jiyva.
   304 | D        | Found a corrupted altar of Lugonu.
   461 | D        | Noticed Sonja
   501 | D        | Slain by Sonja

Illustrated notes

Levels and vault maps discovered:
D:        dungeon_sprint_1 [red_sonja_temple_1, red_sonja_temple_small_1]

Skill      XL: |  1  2  3  4  5  6 |
---------------+-------------------+-----
Fighting       | 5 6 8 9 |  9.9
Maces & Flails | 4 6 8 9 |  9.9
Dodging        | 2 3 4 |  4.4
Armour         | 4 5 6 |  6.0

Action                     |  1- 3 |  4- 6 |  7- 9 || total
---------------------------+-------+-------+-------++-------
  Melee: Mace              |    14 |    24 |    21 ||    59
 Invoke: Berserk           |     2 |     1 |     1 ||     4
         Trog's Hand       |       |       |     1 ||     1
    Use: Potion            |       |     1 |     1 ||     2
         Scroll            |       |       |     1 ||     1
 Armour: Animal skin       |     3 |       |       ||     3
         Ring mail         |     2 |     9 |    48 ||    59
  Dodge: Dodged            |     4 |    10 |    33 ||    47

Table legend: (Time is in decaauts)
 A = Elapsed time spent in this place.
 B = Non-inter-level travel time spent in this place.
 C = Inter-level travel time spent in this place.
 D = Time resting spent in this place.
 E = Time spent auto-exploring this place.
 F = Levels seen in this place.
 G = Mean time per level.
                   A        B        C        D        E       F      G
               +--------+--------+--------+--------+--------+-----+--------+
         Total |    530 |    530 |      0 |    290 |      0 |   1 |  530.0 |
       Dungeon |    530 |    530 |      0 |    290 |      0 |   1 |  530.0 |
               +--------+--------+--------+--------+--------+-----+--------+

Top non-repeatable levels by time:
       D: 530 daAuts
